Map: Cyber Forest LE

Players

ShoWTimE - Winner!

  • Race: Protoss Protoss
  • Spawn Location: 5:00

Clem

  • Race: Terran Terran
  • Spawn Location: 11:00

Event: 2019 WCS Spring

VOD

Have the link to the VOD?

Description

Time

  • Played on: May 18, 2019, 12:37 p.m.
  • Length: 20:38

All games in this series

Show
View Real Time Build Order
Export as new Build Order

ShoWTimE Protoss - Winner!

Build Orders: 1 Gate Expand, Blink Stalkers 

Get SALT Encoding   

  12  0:00  Probe  
  13  0:12  Probe  
  14  0:18  Pylon  
  14  0:24  Probe  
  15  0:32  Probe  
  15  0:38  Gateway  
  15  0:40  Probe  
  16  0:47  Assimilator  
  17  0:51  Probe  
  18  1:03  Probe  
  19  1:15  Probe  
  20  1:25  Cybernetics Core  
  20  1:34  Nexus  
  20  1:37  Probe  
  21  1:44  Pylon  
  21  1:49  Probe  
  21  1:52  Adept  
  21  1:53  Assimilator  
  23  2:01  Probe  
  23  2:07  Warp Gate  
  25  2:12  Adept  
  25  2:13  Probe  
  28  2:25  Probe  
  28  2:37  Probe  
  28  2:41  Stalker  
  28  2:43  Probe  
  31  2:47  Twilight Council  
  31  2:49  Probe  
  31  2:51  Probe  
  34  3:01  Probe x2, Gateway, Blink  
  36  3:13  Probe  
  36  3:14  Probe  
  38  3:25  Probe  
  39  3:30  Probe  
  38  3:35  Robotics Facility  
  38  3:37  Probe  
  38  3:40  Pylon  
  39  3:42  Probe  
  38  3:49  Probe  
  38  3:52  Assimilator, Gateway  
  38  3:54  Probe  
  40  3:57  Pylon  
  40  3:58  Stalker  
  40  4:01  Probe  
  40  4:02  Stalker  
  45  4:06  Probe  
  45  4:08  Pylon  
  46  4:14  Probe  
  47  4:22  Observer  
  48  4:24  Stalker  
  48  4:25  Stalker  
  52  4:37  Nexus  
  52  4:43  Observer  
  53  4:46  Stalker  
  53  4:47  Stalker  
  53  4:48  Stalker  
  53  4:52  Pylon  
  59  4:55  Probe x2  
  60  5:09  Probe x2  
  60  5:13  Stalker x2  
  60  5:14  Stalker  
  72  5:21  Immortal  
  72  5:22  Probe  
  72  5:23  Probe  
  74  5:30  Pylon  
  74  5:38  Probe x2  
  76  5:45  Forge, Templar Archives  
  76  5:46  Probe  
  76  5:47  Probe x2  
  76  5:48  Assimilator  
  76  5:54  Probe  
  76  5:55  Probe x2  
  82  6:04  Probe x2  
  82  6:05  Charge, Probe  
  82  6:06  Observer  
  84  6:15  Psionic Storm  
  84  6:16  Probe  
  84  6:17  Probe  
  80  6:22  Protoss Ground Armor Level 1  
  80  6:27  Gateway x2  
  80  6:29  Pylon  
  80  6:30  Gateway  
  80  6:39  Observer, Gateway  
  80  6:42  Gateway  
  80  6:43  Warp Prism  
  80  6:45  Probe  
  80  6:46  Zealot x3  
  87  6:58  Pylon  
  87  7:03  Probe x3, Pylon  
  87  7:05  Assimilator  
  87  7:06  High Templar x2  
  94  7:08  Assimilator  
  94  7:09  Pylon  
  94  7:11  Zealot  
  96  7:15  Pylon  
  95  7:23  Zealot  
  95  7:25  High Templar  
  95  7:27  Stalker  
  98  7:32  Stalker  
  98  7:35  Zealot  
  97  7:37  Probe  
  97  7:46  Zealot x3, Sentry  
  97  7:49  Probe x2  
  107  7:53  Forge  
  107  7:56  Zealot x3  
  113  8:02  Zealot, Nexus  
  113  8:03  Pylon  
  115  8:09  Stalker x3  
  114  8:17  Protoss Ground Weapons Level 1  
  114  8:18  Stalker  
  114  8:19  Stalker  
  118  8:21  Probe x3  
  118  8:22  Protoss Ground Armor Level 2  
  118  8:24  High Templar  
  123  8:33  Probe x3  
  126  8:41  High Templar, Pylon  
  128  8:43  Zealot  
  128  8:45  Probe x3  
  133  8:49  Observer  
  133  8:50  Zealot  
  135  8:57  High Templar  
  135  9:00  Photon Cannon  
  135  9:01  Probe x3  
  135  9:02  Pylon  
  140  9:03  Pylon  
  140  9:07  Observer, Photon Cannon  
  140  9:12  Pylon  
  140  9:13  Probe  
  140  9:15  High Templar x2  
  146  9:19  Archon  
  146  9:20  Stalker x2  
  146  9:21  Stalker  
  152  9:28  Zealot x2  
  156  9:33  Zealot, Pylon  
  158  9:46  Gateway  
  158  9:47  Zealot x3  
  158  9:48  Zealot x2, Gateway  
  168  9:53  Stalker x2  
  172  10:11  Zealot x6  
  183  10:19  Zealot x2  
  183  10:21  Protoss Ground Weapons Level 2  
  177  10:32  Zealot x6  
  155  10:59  Zealot x3  
  155  11:00  Zealot x7  
  155  11:03  Archon  
  139  11:17  Cybernetics Core  
  139  11:18  Stalker  
  139  11:20  Stalker x7  
  139  11:22  Stalker  
  139  11:35  Protoss Ground Armor Level 3  
  139  11:42  High Templar x2  
  139  11:43  Immortal, High Templar x6  
  139  11:46  Nexus  
  155  11:48  Pylon, Archon x3  
  155  11:49  Archon  
  155  11:52  Zealot  
  149  11:59  Pylon  
  151  12:05  Photon Cannon  
  151  12:13  High Templar  
  153  12:17  Immortal  
  153  12:18  High Templar  
  153  12:19  High Templar x2  
  159  12:22  Zealot x2  
  159  12:23  Zealot x2  
  159  12:29  Zealot  
  169  12:43  Zealot x4  
  177  12:49  Zealot x2  
  181  12:56  Observer  
  174  13:06  Zealot x2  
  174  13:07  Zealot x5  
  174  13:11  Zealot x2  
  192  13:14  Protoss Ground Weapons Level 3  
  192  13:21  Robotics Bay  
  192  13:23  Robotics Facility  
  192  13:28  Assimilator  
  192  13:31  Zealot x2, Assimilator, High Templar x2  
  194  13:46  Zealot x2  
  194  13:47  Zealot x3  
  192  13:49  Probe x3  
  189  14:00  Robotics Facility  
  189  14:01  Disruptor  
  189  14:03  Disruptor  
  189  14:11  Nexus  
  192  14:28  Protoss Shields Level 1  
  182  14:32  Pylon  
  182  14:36  Stargate  
  182  14:40  Disruptor  
  182  14:41  Zealot x7  
  199  14:53  Extended Thermal Lance  
  199  14:58  Observer  
  194  15:01  Disruptor  
  195  15:08  Protoss Air Weapons Level 1  
  195  15:10  Zealot x4  
  193  15:20  Stalker x3  
  193  15:21  Stalker  
  192  15:25  Zealot  
  184  15:52  Stalker x4  
  184  15:53  Nexus  
  184  15:56  High Templar x3  
  184  15:57  High Templar  
  198  16:09  Zealot  
  198  16:18  Pylon  
  195  16:19  Pylon  
  191  16:26  Pylon  
  185  16:43  Zealot x4, Nexus  
  185  16:44  Zealot x3  
  189  16:47  Zealot  
  189  16:52  Zealot  
  189  16:53  Archon  
  169  17:04  Stalker x6  
  177  17:11  Pylon  
  177  17:12  Oracle  
  177  17:18  High Templar  
  177  17:20  Zealot x2  
  186  17:24  Zealot x2  
  186  17:28  High Templar x4  
  192  17:42  Colossus x2  
  192  17:43  Observer  
  198  17:54  Zealot  
  198  17:56  Dark Shrine  
  197  18:20  Zealot  
  197  18:24  Zealot x2  
  197  18:38  Zealot x3  
  193  18:49  Zealot x3  
  193  18:55  Colossus  
  199  19:03  Assimilator  
  199  19:05  Assimilator, Disruptor  
  199  19:06  Disruptor  
  197  19:11  Zealot  
  197  19:15  Nexus  
  199  19:23  Dark Templar x4  
  195  19:27  Zealot x3  
  172  19:41  Zealot x2  
  174  19:52  Archon  
  154  19:54  Zealot x2  
  154  19:55  Zealot x3  
  158  20:00  Disruptor x2  
  160  20:11  Zealot x4  
  160  20:12  Probe x4  
  170  20:23  High Templar x4  
  170  20:26  Probe  
Show
View Real Time Build Order
Export as new Build Order

Clem Terran 

Build Orders: Gas First Reaper Expand, Liberator Opening 

Get SALT Encoding   

  12  0:00  SCV  
  13  0:12  SCV  
  14  0:17  Supply Depot  
  14  0:24  SCV  
  15  0:28  Refinery  
  15  0:38  SCV  
  16  0:44  Barracks  
  16  0:50  SCV  
  17  1:02  SCV  
  18  1:15  SCV  
  19  1:31  Reaper  
  19  1:32  Orbital Command  
  20  1:45  Command Center  
  20  1:55  Factory  
  20  1:57  SCV  
  21  2:05  Barracks Reactor  
  21  2:10  SCV  
  21  2:11  Supply Depot  
  21  2:15  Refinery  
  22  2:22  SCV  
  23  2:34  SCV  
  24  2:41  Hellion, Marine  
  24  2:42  Marine  
  28  2:46  SCV, Starport  
  28  2:59  SCV, Marine  
  28  3:00  Marine  
  28  3:02  Factory Tech Lab  
  31  3:11  SCV, Orbital Command  
  30  3:17  Marine  
  30  3:18  Marine  
  32  3:25  SCV  
  30  3:29  Siege Tank  
  30  3:32  Viking  
  34  3:39  Marine  
  34  3:42  SCV x2  
  35  3:50  Supply Depot  
  35  3:54  SCV  
  35  3:55  SCV  
  37  3:56  Liberator  
  37  3:58  Marine x2  
  37  4:01  Siege Tank  
  42  4:06  SCV  
  42  4:07  SCV  
  44  4:15  Supply Depot  
  44  4:17  Marine  
  47  4:18  SCV  
  47  4:19  SCV, Marine  
  51  4:25  Barracks  
  51  4:30  SCV  
  52  4:31  SCV  
  52  4:35  Barracks  
  52  4:38  Siege Tank  
  56  4:42  Supply Depot, Marine  
  56  4:43  Marine  
  58  4:46  SCV  
  58  4:48  SCV  
  60  4:54  Engineering Bay  
  60  4:58  SCV, Refinery  
  60  4:59  Starport Tech Lab  
  61  5:06  SCV, Supply Depot  
  62  5:10  SCV  
  62  5:12  Marine x2  
  62  5:19  Stimpack  
  62  5:21  Factory Reactor  
  62  5:23  Marauder  
  62  5:25  SCV  
  62  5:26  SCV  
  63  5:34  Marauder, Marine x2  
  66  5:37  SCV  
  66  5:38  SCV  
  67  5:45  Marauder  
  67  5:46  Terran Infantry Weapons Level 1  
  69  5:52  Marine x2, Supply Depot  
  69  5:55  Combat Shield  
  69  5:57  Refinery  
  71  5:58  Marauder  
  71  6:00  SCV  
  74  6:05  Supply Depot  
  74  6:06  SCV  
  74  6:07  Factory Reactor  
  74  6:11  Starport Reactor  
  71  6:13  Marauder  
  71  6:16  Marine  
  68  6:20  Marauder  
  68  6:22  Marine  
  69  6:35  Marauder  
  69  6:37  Marine  
  69  6:39  Command Center  
  72  6:44  Marauder  
  72  6:46  Marine  
  72  6:48  Widow Mine x2  
  72  6:50  Medivac x2  
  72  6:52  SCV  
  72  6:53  SCV  
  79  6:56  Marauder  
  79  6:57  Marine  
  82  7:01  Supply Depot  
  82  7:05  Marauder  
  84  7:11  Barracks  
  84  7:12  Barracks  
  84  7:13  Widow Mine x2  
  84  7:14  Marine  
  89  7:19  Marauder  
  89  7:22  Concussive Shells  
  90  7:25  SCV x2  
  90  7:26  Marauder, Supply Depot  
  90  7:28  Medivac  
  94  7:34  Marine x2  
  96  7:37  SCV x2  
  96  7:40  Marauder, Supply Depot  
  98  7:48  Marauder  
  98  7:50  Supply Depot  
  100  7:55  Terran Infantry Armor Level 1  
  100  7:56  Marine x2  
  100  7:57  SCV  
  103  8:01  SCV  
  103  8:02  Marauder  
  106  8:06  Barracks Reactor, Barracks Tech Lab  
  106  8:09  Marauder, SCV  
  106  8:11  Medivac  
  104  8:19  Medivac, Widow Mine  
  110  8:20  Widow Mine  
  110  8:22  Orbital Command  
  110  8:23  Marauder  
  110  8:24  SCV  
  113  8:28  Marauder, Marine  
  113  8:30  Marauder  
  113  8:31  SCV, Marine  
  116  8:36  SCV  
  115  8:44  Barracks, Marine x2  
  115  8:45  Marauder, Barracks  
  115  8:46  Widow Mine  
  115  8:47  Widow Mine  
  123  8:49  SCV  
  124  8:57  Marauder x2  
  124  8:58  Marine x2  
  124  9:00  SCV x2  
  124  9:01  Supply Depot  
  132  9:03  Medivac  
  132  9:05  Medivac  
  136  9:11  Widow Mine  
  136  9:13  Ghost Academy, Widow Mine  
  136  9:15  Marine  
  141  9:22  Marine  
  141  9:23  Marauder x2  
  146  9:26  Marine x2, Supply Depot  
  148  9:31  Barracks Tech Lab  
  148  9:32  Marine, Barracks Tech Lab  
  149  9:40  Marine  
  149  9:41  Widow Mine  
  149  9:47  Ghost x3, Marine x2  
  149  9:49  Supply Depot  
  149  9:51  Supply Depot  
  157  9:55  Ghost  
  157  9:56  Supply Depot, Marine  
  157  9:58  Marine  
  157  9:59  Widow Mine  
  163  10:01  Marine  
  163  10:03  Supply Depot  
  163  10:04  Widow Mine  
  163  10:05  Marine  
  165  10:11  Marine  
  165  10:13  Marine  
  167  10:15  Ghost  
  167  10:16  Marauder  
  167  10:21  Widow Mine  
  167  10:23  Ghost  
  167  10:24  Marine x2  
  167  10:27  Widow Mine  
  167  10:42  Widow Mine  
  165  10:43  Ghost x2  
  165  10:46  Marine x2  
  159  10:51  Marauder  
  159  10:52  Widow Mine  
  159  10:53  Marine x4  
  166  11:03  Widow Mine  
  148  11:10  Marine x2  
  148  11:11  Marauder, Marine  
  140  11:12  Marauder x3  
  140  11:14  Marauder, Widow Mine  
  151  11:19  Marine  
  151  11:21  Command Center  
  151  11:24  Refinery  
  151  11:25  Widow Mine, Refinery  
  146  11:28  Marine  
  131  11:33  Marauder  
  131  11:35  Widow Mine  
  131  11:36  Armory, Marine x2  
  131  11:37  Marauder  
  131  11:39  Engineering Bay  
  135  11:46  Widow Mine  
  137  11:47  Marine  
  136  11:56  Widow Mine  
  136  11:57  Marauder x2, Marine  
  136  11:58  Marauder x2, Marine x2  
  151  12:08  Marauder  
  151  12:09  Widow Mine  
  149  12:18  Ghost x2, Widow Mine  
  149  12:19  Marauder, Marine x2  
  158  12:23  Terran Infantry Weapons Level 2  
  158  12:27  Terran Infantry Armor Level 2  
  156  12:41  Ghost x2  
  160  12:48  Medivac  
  162  12:51  Medivac  
  160  12:59  Marauder  
  160  13:01  Marauder  
  160  13:05  Marine x3  
  140  13:06  Marine  
  140  13:10  Widow Mine x2  
  138  13:12  Marauder  
  138  13:16  Planetary Fortress  
  138  13:18  Medivac  
  138  13:25  SCV x2  
  138  13:27  Marine x4  
  140  13:28  Orbital Command  
  140  13:32  Medivac  
  150  13:34  Widow Mine x2  
  150  13:37  Ghost  
  150  13:44  Ghost  
  149  13:50  Marauder  
  152  13:55  Widow Mine  
  152  14:00  Medivac  
  152  14:01  Widow Mine, Marine x3  
  158  14:09  Orbital Command  
  158  14:13  Marauder x3, Marine  
  162  14:33  Ghost, Widow Mine x2  
  162  14:34  Ghost  
  169  14:39  Marauder  
  169  14:44  Marine, Refinery  
  169  14:45  Refinery, Marine x3  
  175  14:52  Medivac  
  171  15:00  Marine  
  171  15:02  Marine x2  
  171  15:03  Marine  
  170  15:07  Marauder  
  170  15:09  SCV x2  
  170  15:11  SCV x2  
  170  15:13  Marauder  
  175  15:17  Ghost  
  177  15:21  SCV x2  
  177  15:24  Marine  
  177  15:26  Widow Mine x2  
  177  15:27  SCV  
  184  15:28  Marauder  
  184  15:31  SCV  
  179  15:36  Medivac  
  178  15:45  Marauder, Marine x4  
  178  15:46  Marine  
  178  15:47  Widow Mine  
  187  15:52  Medivac, Widow Mine  
  187  15:55  Supply Depot  
  191  15:59  Marauder  
  191  16:03  Ghost  
  195  16:16  Ghost  
  195  16:17  Widow Mine  
  199  16:25  Ghost  
  187  16:26  Marine x3  
  187  16:29  Widow Mine  
  187  16:30  Marine  
  187  16:32  Marine  
  190  16:38  Widow Mine  
  173  16:40  Command Center  
  173  16:44  Marine x2  
  173  16:45  Marauder  
  177  16:50  Ghost  
  177  16:52  Widow Mine  
  170  16:54  Marine x2  
  170  16:56  Marauder  
  170  17:00  Widow Mine  
  164  17:01  Marine  
  164  17:05  Marine  
  164  17:06  Ghost  
  162  17:08  Refinery  
  162  17:09  SCV x2  
  162  17:12  Marine  
  166  17:17  Marauder  
  166  17:19  Marauder  
  169  17:28  Marine x3  
  172  17:30  Widow Mine x2, Marine  
  172  17:34  Medivac, Barracks  
  172  17:35  Barracks  
  172  17:36  Medivac  
  177  17:39  Marauder  
  177  17:42  Ghost  
  168  17:47  Ghost  
  168  17:52  Marine x3  
  171  18:04  Medivac  
  173  18:06  Medivac  
  173  18:10  Marauder  
  173  18:12  Marauder  
  179  18:17  Widow Mine  
  181  18:24  Marauder  
  183  18:28  Widow Mine  
  183  18:31  Marauder  
  183  18:33  Marauder  
  183  18:34  Medivac  
  189  18:35  Medivac  
  188  18:41  Widow Mine  
  188  18:46  Marauder, Marine  
  169  18:49  Barracks Tech Lab  
  169  18:50  Barracks Tech Lab  
  169  18:51  Marine  
  169  18:52  Marauder  
  168  18:57  Marine  
  164  19:04  Medivac  
  164  19:05  Medivac  
  164  19:06  Marine x2  
  170  19:10  Marauder  
  170  19:14  Widow Mine  
  164  19:24  Marauder, Marine x2  
  164  19:26  Widow Mine  
  164  19:28  Marine  
  164  19:29  Marauder  
  164  19:30  Marine  
  164  19:31  Marauder  
  165  19:33  Orbital Command  
  165  19:34  Medivac  
  165  19:37  Marauder  
  165  19:42  Marine x2  
  162  19:48  Marauder, Widow Mine  
  162  19:52  Widow Mine  
  138  19:54  Marauder x2  
  125  20:09  Widow Mine  
  125  20:11  Marine  
  125  20:12  Marine x4  
Tags
 
Add a new tag
Caveats
  • Supply blocks, unpowered buildings, or Contaminate may cause inaccurate times.
  • Supply counts are checked every 10 seconds.